Map: Dusk Towers

Players

Mercury - Winner!

  • Race: Protoss Protoss
  • League: Grandmaster

xKawaiian

  • Race: Terran Terran
  • League: Master

VOD

Have the link to the VOD?

Description

Time

  • Played on: Jan. 18, 2016, 1:58 a.m.
  • Length: 12:51
Show
View Real Time Build Order
Export as new Build Order

Mercury Protoss - Winner!

Build Orders: 1 Gate Expand 

Get SALT Encoding   

  12  0:01  Probe (Chrono Boost)  
  13  0:12  Probe (Chrono Boost)  
  14  0:18  Pylon  
  14  0:26  Probe (Chrono Boost)  
  15  0:37  Gateway  
  15  0:39  Assimilator  
  15  0:42  Probe (Chrono Boost)  
  16  0:53  Probe (Chrono Boost)  
  17  1:03  Probe (Chrono Boost)  
  18  1:17  Probe (Chrono Boost)  
  19  1:26  Nexus  
  19  1:38  Cybernetics Core  
  19  1:40  Probe (Chrono Boost)  
  20  1:47  Pylon  
  20  1:51  Probe (Chrono Boost)  
  21  1:58  Assimilator  
  21  2:01  Probe (Chrono Boost)  
  22  2:15  Mothership Core (Chrono Boost)  
  24  2:18  Pylon  
  24  2:19  Adept  
  26  2:22  Warp Gate (Chrono Boost)  
  26  2:33  Probe (Chrono Boost)  
  27  2:45  Probe x2 (Chrono Boost), Twilight Council  
  27  2:51  Adept  
  31  2:54  Probe (Chrono Boost)  
  31  2:56  Probe  
  33  3:05  Probe  
  33  3:08  Probe  
  35  3:18  Sentry  
  37  3:21  Resonating Glaives (Chrono Boost)  
  37  3:22  Probe  
  37  3:24  Probe  
  39  3:32  Pylon  
  39  3:35  Probe, Robotics Facility  
  39  3:37  Probe  
  41  3:46  Pylon  
  41  3:47  Adept  
  43  3:53  Pylon  
  43  4:01  Gateway  
  43  4:04  Gateway  
  43  4:14  Gateway  
  43  4:16  Probe  
  43  4:17  Probe  
  43  4:21  Pylon  
  45  4:24  Warp Prism (Chrono Boost)  
  45  4:28  Probe  
  45  4:29  Probe  
  49  4:34  Gateway  
  49  4:40  Probe  
  49  4:41  Probe  
  52  4:52  Probe  
  52  4:53  Probe  
  53  5:02  Nexus  
  53  5:04  Observer (Chrono Boost)  
  54  5:08  Forge  
  54  5:09  Forge  
  54  5:14  Assimilator  
  54  5:15  Probe x2 (Chrono Boost)  
  54  5:17  Assimilator  
  54  5:21  Observer  
  57  5:40  Adept x2  
  57  5:41  Adept x3  
  67  5:48  Probe (Chrono Boost)  
  67  5:49  Protoss Ground Weapons Level 1 (Chrono Boost)  
  72  5:50  Protoss Ground Armor Level 1 (Chrono Boost)  
  71  6:00  Pylon  
  71  6:02  Pylon  
  71  6:07  Adept x3  
  75  6:15  Adept  
  75  6:16  Adept  
  78  6:24  Probe x2  
  70  6:32  Adept x2  
  70  6:33  Adept  
  62  6:43  Adept x2  
  66  6:49  Probe x2  
  66  6:59  Robotics Facility  
  66  7:01  Probe  
  64  7:10  Sentry  
  64  7:11  Sentry  
  64  7:15  Photon Cannon  
  68  7:18  Probe x2  
  68  7:22  Photon Cannon  
  70  7:24  Adept x2  
  70  7:25  Adept  
  76  7:34  Pylon  
  76  7:35  Adept  
  76  7:36  Adept  
  80  7:44  Probe x2  
  82  7:50  Immortal  
  86  7:56  Probe x2  
  88  7:59  Stalker x3  
  94  8:07  Blink (Chrono Boost)  
  94  8:12  Photon Cannon  
  94  8:22  Stalker x3  
  94  8:43  Stalker  
  94  8:44  Stalker  
  94  8:48  Stalker x3  
  100  8:54  Warp Prism (Chrono Boost)  
  100  9:07  Gateway  
  100  9:09  Gateway  
  100  9:12  Adept x3  
  106  9:20  Adept  
  106  9:21  Adept  
  110  9:43  Nexus  
  110  9:54  Pylon  
  110  9:55  Pylon  
  108  10:00  Pylon  
  108  10:04  Pylon  
  108  10:06  Adept  
  110  10:13  Immortal (Chrono Boost)  
  114  10:17  Probe  
  114  10:18  Protoss Ground Weapons Level 2 (Chrono Boost)  
  114  10:19  Protoss Ground Armor Level 2 (Chrono Boost)  
  113  10:44  Probe  
  113  10:45  Probe  
  113  10:47  Immortal  
  113  10:48  Stargate  
  115  10:55  Gateway  
  113  10:57  Gateway  
  113  10:59  Photon Cannon  
  113  11:02  Stalker x2  
  113  11:03  Robotics Facility  
  117  11:06  Adept x2  
  121  11:13  Adept  
  121  11:15  Sentry x2  
  127  11:28  Probe x2  
  127  11:32  Immortal  
  132  11:45  Fleet Beacon  
  132  11:50  Templar Archives  
  132  11:51  Adept  
  134  12:10  Adept x3  
  134  12:12  Adept  
  136  12:30  Adept x5  
  131  12:50  Adept x2  
Show
View Real Time Build Order
Export as new Build Order

xKawaiian Terran 

Build Orders: Reaper Expand, MMM Bio 

Get SALT Encoding   

  12  0:01  SCV  
  13  0:13  SCV  
  14  0:17  Supply Depot  
  14  0:25  SCV  
  15  0:39  SCV  
  15  0:42  Barracks  
  16  0:47  Refinery  
  16  0:51  SCV  
  17  1:03  SCV  
  18  1:15  SCV  
  19  1:30  Orbital Command  
  19  1:32  Reaper  
  20  1:41  Command Center  
  20  1:50  Supply Depot  
  20  1:59  SCV  
  20  2:01  Bunker  
  21  2:05  Barracks Reactor  
  21  2:11  SCV  
  21  2:14  Barracks  
  22  2:23  SCV  
  22  2:29  Barracks  
  23  2:35  SCV  
  24  2:42  Marine x2  
  26  2:48  SCV  
  27  2:55  Orbital Command  
  27  3:00  SCV  
  27  3:01  Factory, Marine  
  27  3:04  Barracks Tech Lab  
  28  3:12  SCV, Refinery  
  29  3:14  Marine  
  29  3:17  Marine  
  31  3:21  SCV  
  31  3:24  SCV, Marine  
  34  3:33  SCV  
  35  3:34  Stimpack, Marine x2  
  35  3:36  SCV  
  38  3:41  Supply Depot, Marine  
  39  3:49  SCV, Marine  
  39  3:50  SCV  
  39  3:53  Starport  
  39  3:54  Marine  
  43  3:59  Supply Depot  
  43  4:01  SCV, Marine  
  43  4:02  Factory Reactor  
  45  4:04  SCV  
  46  4:13  SCV, Marine x3  
  46  4:16  SCV  
  51  4:20  Supply Depot  
  51  4:22  Supply Depot  
  51  4:23  Marine  
  52  4:25  SCV  
  52  4:28  SCV  
  52  4:30  Marine  
  55  4:36  Marine  
  55  4:37  SCV, Marine  
  58  4:40  SCV  
  58  4:41  Medivac x2  
  63  4:49  SCV  
  65  4:53  SCV  
  65  4:58  Factory Reactor  
  66  5:00  Marine x2  
  66  5:01  SCV  
  66  5:03  Command Center  
  66  5:04  Barracks Tech Lab  
  66  5:05  SCV  
  69  5:08  Refinery  
  69  5:09  Refinery  
  69  5:13  SCV  
  70  5:17  SCV  
  70  5:18  Engineering Bay  
  70  5:19  Engineering Bay  
  70  5:21  Marauder  
  73  5:24  Marauder, Marine x2  
  73  5:25  Combat Shields  
  77  5:28  SCV  
  77  5:34  Supply Depot  
  78  5:37  Supply Depot  
  78  5:39  SCV  
  78  5:42  Marine  
  78  5:43  Marine  
  78  5:44  Marine  
  78  5:50  Marine  
  77  6:00  Marauder  
  77  6:01  Marine  
  77  6:02  Medivac  
  82  6:06  Marine  
  82  6:07  Orbital Command  
  82  6:08  Marauder  
  84  6:18  Medivac  
  82  6:19  Marine  
  82  6:21  Marauder  
  81  6:28  Marine  
  81  6:30  Marauder  
  69  6:36  SCV  
  61  6:40  Marine  
  61  6:41  Orbital Command  
  61  6:43  Marauder  
  61  6:46  Marine  
  62  6:51  Marauder  
  62  6:53  SCV  
  64  6:58  Marine  
  62  7:03  Orbital Command  
  62  7:05  SCV  
  62  7:09  SCV  
  62  7:14  Concussive Shells  
  63  7:17  SCV  
  61  7:25  Marine x3  
  61  7:27  SCV  
  61  7:29  SCV  
  66  7:32  Marauder  
  66  7:35  SCV  
  69  7:39  SCV  
  69  7:42  SCV  
  69  7:43  Marine  
  72  7:44  Viking  
  72  7:50  Marauder, Marine  
  74  7:54  Marine  
  71  8:01  Marine  
  72  8:08  Marine  
  72  8:09  Barracks  
  72  8:10  Barracks  
  73  8:15  Marine  
  73  8:16  Marauder  
  73  8:19  SCV  
  76  8:21  Marine  
  76  8:23  SCV  
  73  8:31  SCV  
  73  8:34  Marine, Marauder  
  76  8:35  SCV  
  76  8:37  Marauder  
  77  8:42  Orbital Command  
  77  8:44  SCV  
  77  8:47  SCV  
  76  8:56  SCV  
  76  8:59  SCV  
  76  9:01  Widow Mine x2  
  82  9:07  Barracks Tech Lab  
  82  9:12  Barracks Reactor  
  82  9:18  SCV x2  
  84  9:29  Liberator x2  
  84  9:31  SCV  
  84  9:32  Marine  
  84  9:46  Marauder  
  84  9:50  Bunker x2  
  90  9:52  Bunker  
  90  9:55  Marauder, Marine x2  
  90  9:57  SCV x2  
  92  10:00  Supply Depot  
  92  10:02  Terran Infantry Weapons Level 1, Supply Depot  
  92  10:06  Marine  
  95  10:07  Marauder  
  95  10:14  Marine x3  
  95  10:15  Marauder  
  95  10:17  SCV  
  95  10:18  Marine  
  98  10:29  Marine  
  98  10:30  Marauder  
  98  10:32  Marine  
  97  10:36  Marauder  
  93  10:44  SCV  
  93  10:47  Marauder, Marine  
  94  10:57  SCV x2  
  94  10:58  Marauder  
  94  11:02  Marine  
  99  11:04  SCV  
  99  11:07  Marine  
  99  11:11  SCV  
  102  11:12  SCV  
  102  11:14  Marine  
  102  11:17  Orbital Command  
  104  11:23  SCV  
  105  11:26  SCV  
  106  11:35  SCV  
  106  11:38  SCV  
  108  11:42  SCV  
  108  11:43  Armory  
  108  11:44  Supply Depot x2  
  108  11:45  Refinery  
  109  11:47  SCV  
  109  11:48  Widow Mine x2  
  109  11:50  SCV  
  115  11:54  SCV  
  115  11:57  Medivac  
  115  11:59  SCV  
  119  12:02  SCV  
  119  12:03  Marine  
  119  12:04  Marauder, Marine x2  
  119  12:06  Marine  
  126  12:10  SCV  
  126  12:11  SCV, Marine  
  126  12:13  Marine  
  130  12:21  Marine  
  130  12:22  SCV x2  
  133  12:23  SCV  
  133  12:26  Marauder, Marine  
  125  12:38  SCV  
Tags
 
Add a new tag
Caveats
  • Supply blocks, unpowered buildings, or Contaminate may cause inaccurate times.
  • Supply counts are checked every 10 seconds.